 Dungeon Crawl Stone Soup version 0.30-a0-165-g1891117ce2 (webtiles) character file.

Game seed: 106227201529826649

215 LnG the Sneak (level 6, -9/35 HPs)
             Began as a Kobold Summoner on Sept 28, 2022.
             Mangled by an ogre
             ... wielding a +0 giant club
              (18 damage)
             ... on level 4 of the Dungeon.
             The game lasted 00:09:07 (4775 turns).

LnG the Sneak (Kobold Summoner)                     Turns: 4775, Time: 00:09:08

Health: -9/35      AC:  3    Str:  5    XL:     6   Next: 15%
Magic:  8/10       EV: 15    Int: 19    God:
Gold:   132        SH:  0    Dex: 15    Spells: 2/11 levels left

rFire   . . .      SeeInvis .    e - +0 dagger
rCold   . . .      Faith    .    (no shield)
rNeg    . . .      Spirit   .    a - +0 robe
rPois   .          Reflect  .    (no helmet)
rElec   .          Harm     .    c - +0 cloak
rCorr   .          Rampage  .    (no gloves)
Will    .....                    (no boots)
Stlth   ++++......               (no amulet)
HPRegen 0.11/turn                f - ring of wizardry
MPRegen 0.12/turn                (no ring)

@: no status effects
A: small, no large weapons, nightstalker 3
a: no special abilities


You were on level 4 of the Dungeon.
You visited 1 branch of the dungeon, and saw 4 of its levels.

You collected 132 gold pieces.

Inventory:

Hand Weapons
 e - a +0 dagger (weapon)
Missiles
 l - a throwing net
Armour
 a - a +0 robe (worn)
 c - a +0 cloak (worn)
Jewellery
 f - a ring of wizardry (left hand)
Wands
 m - a wand of iceblast (8)
 n - a wand of polymorph (8)
 q - a wand of light (3)
Scrolls
 g - a scroll of noise
 h - a scroll of fog {unknown}
 i - 3 scrolls of poison {unknown}
 p - a scroll of torment {unknown}
Potions
 j - a potion of might {unknown}
 k - 2 potions of brilliance
 o - a potion of invisibility {unknown}


   Skills:
 * Level 2.0 Fighting
 + Level 1.5 Short Blades
 + Level 2.7 Dodging
 + Level 5.0 Stealth
 + Level 0.5 Unarmed Combat
 + Level 3.1 Spellcasting
 + Level 4.9 Summonings


You had 2 spell levels left.
You knew the following spells:

 Your Spells              Type           Power      Damage    Failure   Level
a - Summon Small Mammal   Summ           84%        N/A       1%          1
b - Call Imp              Summ           21%        N/A       1%          2
c - Call Canine Familiar  Summ           21%        N/A       2%          3
d - Summon Guardian Gole  Hex/Summ       12%        N/A       6%          3

Your spell library contained the following spells:

 Spells                   Type           Power      Damage    Failure   Level
 Frozen Ramparts          Ice            4%         1d1       17%         3
 Hailstorm                Conj/Ice       2%         3d3       17%         3
 Summon Ice Beast         Ice/Summ       12%        N/A       21%         4
 Summon Lightning Spire   Summ/Air       12%        N/A       21%         4
 Ice Form                 Ice/Tmut       2%         N/A       50%         4
 Simulacrum               Ice/Necr       1%         N/A       100%        6


Dungeon Overview and Level Annotations

Branches:
Dungeon (4/15)
 Temple: D:4-7

Altars:

Shops:
D:2 (

Annotations:
D:3 Dowan, Duvessa


Innate Abilities, Weirdness & Mutations

You are small and have problems with some larger weapons.
You are completely attuned to the shadows.


Message History

Casting: Summon Guardian Golem (dangerous; 6% risk of failure)
Confirm with . or Enter, or press ? or * to list all spells.
Unknown command.
You hit the ogre.
The ogre is lightly wounded.
Your hound completely misses the ogre.
Unknown command.
You hit the ogre.
The ogre is lightly wounded.
Your hound bites the ogre.
The ogre completely misses you.
Unknown command.
You hit the ogre.
The ogre is moderately wounded.
Your hound barely misses the ogre.
The ogre closely misses you.
Your hound bites the ogre.
Unknown command.
You hit the ogre.
The ogre is heavily wounded.
Your hound bites the ogre.
Unknown command.
You hit the ogre.
The ogre is almost dead.
Your hound barely misses the ogre.
The ogre hits you with a +0 giant club!!
Ouch! That really hurt!
* * * LOW HITPOINT WARNING * * *
Your hound completely misses the ogre.
You hit the ogre but do no damage.
The ogre is almost dead.
Your hound barely misses the ogre.
The ogre closely misses you.
Unknown command.
You barely miss the ogre.
The ogre is almost dead.
Your hound bites the ogre.
Your hound barely misses the ogre.
Unknown command.
You hit the ogre.
The ogre is almost dead.
The ogre hits you with a +0 giant club!!
Ouch! That really hurt!
You die...

##....#§#####..# #....#z#
...# #....#.# ###.# #)..z#.#
.# #...h#.# #..... #....#.#
########### #.....
#....#†###.........# #.....
..........#.#######.###.....
..........#.#@...##.#.......
..........#.hO.#.##.#.#.....
.###########.......#....###
#).#.######.#####
#....#.##........
#...........#####
#.#.............#
#####.....###.....#.#
#.................#.#


You could see an ogre (ally target) and a friendly hound (summoned).

Vanquished Creatures
  A jelly (D:4)
  2 adders
  A gnoll (D:2)
  2 dart slugs
  An orc (D:4)
  A ball python (D:3)
  2 endoplasms
  4 goblins
  7 hobgoblins
  3 jackals (D:3)
  3 kobolds (D:2)
  3 quokkas
  2 bats
  2 frilled lizards
  A rat (D:1)
35 creatures vanquished.

Vanquished Creatures (collateral kills)
  A jelly (D:4)
  2 gnolls (D:2)
  2 endoplasms
  2 hobgoblins
  A quokka (D:3)
  A ball python (D:1)
  2 bats
  2 goblins
  A kobold (D:2)
  A rat (D:1)
15 creatures vanquished.

Vanquished Creatures (others)
  A wight (D:4)
1 creature vanquished.

Grand Total: 51 creatures vanquished

Notes
Turn   | Place    | Note
-------+----------+-------------------------------------------
     0 | D:1      | LnG the Kobold Summoner began the quest for the Orb.
     0 | D:1      | Reached XP level 1. HP: 10/10 MP: 3/3
   165 | D:1      | Reached skill level 3 in Stealth
   553 | D:1      | Reached XP level 2. HP: 15/15 MP: 3/5
   556 | D:1      | Learned a level 2 spell: Call Imp
  1130 | D:2      | Reached XP level 3. HP: 20/20 MP: 6/6
  1134 | D:2      | Learned a level 3 spell: Call Canine Familiar
  1314 | D:2      | Reached skill level 1 in Fighting
  1669 | D:2      | Found a faded altar of an unknown god.
  1756 | D:2      | Found Zixkitt's Weapon Boutique.
  1897 | D:2      | Reached XP level 4. HP: 25/25 MP: 7/7
  1902 | D:2      | Reached skill level 1 in Short Blades
  2682 | D:3      | Identified the +0 quarterstaff "Yfrir" {spect, Will+}
  2719 | D:3      | Reached skill level 4 in Stealth
  3286 | D:4      | Noticed a wight
  3290 | D:4      | Noticed a wight
  3583 | D:4      | Reached XP level 5. HP: 23/27 MP: 5/9
  3690 | D:4      | Learned a level 3 spell: Summon Guardian Golem
  3991 | D:4      | Noticed an ogre
  4255 | D:4      | Noticed Dowan
  4257 | D:4      | Noticed Duvessa
  4263 | D:4      | HP: 1/30 [Duvessa/+0 short sword (12)]
  4672 | D:4      | Reached skill level 5 in Stealth
  4672 | D:4      | Reached XP level 6. HP: 35/35 MP: 4/10
  4775 | D:4      | Mangled by an ogre

Illustrated notes

Levels and vault maps discovered:
D:1:      onia_arrival_mini_maze, layout_rooms
D:2:      layout_loops_ring, serial_shops, shop,
          hellmonk_ecumenical_altar_lost_god
D:3:      layout_basic
D:4:      layout_basic, kennysheep_mini_moat, uniq_duvessa, uniq_grinder

Skill      XL: |  1  2  3  4  5 |
---------------+----------------+-----
Stealth        | 3 4 5 |  5.0
Fighting       | 1 2 |  2.0
Short Blades   | 1 |  1.5
Spellcasting   | 3 |  3.1
Dodging        | |  2.7
Unarmed Combat | |  0.5
Summonings     | |  4.9

Action                   |  1- 3 |  4- 6 || total
-------------------------+-------+-------++-------
Melee: Unarmed           |    27 |       ||    27
       Dagger            |    54 |    70 ||   124
       Punch             |     1 |     1 ||     2
 Cast: Summon Small Mamm |    13 |     1 ||    14
       Call Canine Famil |     2 |    10 ||    12
       Call Imp          |     2 |     3 ||     5
       Summon Guardian G |       |     2 ||     2
Evoke: Wand              |       |     2 ||     2
  Use: Scroll            |     2 |     4 ||     6
       Potion            |     1 |     1 ||     2
 Stab: Sleeping          |     9 |     9 ||    18
       Distracted        |     2 |     2 ||     4
Armor: Robe              |    13 |     6 ||    19
Dodge: Dodged            |    72 |    65 ||   137

Table legend: (Time is in decaauts)
 A = Elapsed time spent in this place.
 B = Non-inter-level travel time spent in this place.
 C = Inter-level travel time spent in this place.
 D = Time resting spent in this place.
 E = Time spent auto-exploring this place.
 F = Levels seen in this place.
 G = Mean time per level.
                   A        B        C        D        E       F      G
               +--------+--------+--------+--------+--------+-----+--------+
         Total |   4771 |   4404 |    367 |   1674 |   2122 |   4 | 1192.8 |
       Dungeon |   4771 |   4404 |    367 |   1674 |   2122 |   4 | 1192.8 |
               +--------+--------+--------+--------+--------+-----+--------+

Top non-repeatable levels by time:
     D:2: 1502 daAuts
     D:3: 1463 daAuts
     D:1: 1099 daAuts
     D:4: 706 daAuts
